 Dungeon Sprint DCSS version 0.29-a0-25-g7f48f510a0 (webtiles) character file.

Game seed: 11275292171759849670

20064 mhtbhm the Fencer (level 13, -2/119 HPs)
             Began as a Human Fighter on Jan 31, 2022.
             Was an Initiate of Gozag.
             Slain by a spriggan air mage (5 damage)
             ... while paralysed by a vampire knight
             ... in the Dungeon (Sprint IX: "|||||||||||||||||||||||||||||").
             The game lasted 00:07:49 (4800 turns).

mhtbhm the Fencer (Human Fighter)                   Turns: 4800, Time: 00:07:50

Health: -2/119     AC: 23    Str: 21    XL:     13   Next: 9%
Magic:  13/13      EV:  2    Int:  4    God:    Gozag
Gold:   6243       SH:  0    Dex: 18    Spells: 12/12 levels left

rFire   + . .      SeeInvis .   a - +1 double sword (venom)
rCold   + . .      Faith    .   c - +0 buckler "Oniemu" {Regen+ Int-4 Dex+4}
rNeg    + + .      Spirit   .   b - +0 plate armour {rPois}
rPois   +          Reflect  .   (no helmet)
rElec   +          Harm     .   v - +0 cloak
rCorr   +          Rampage  .   (no gloves)
Will    .....      NoTele   +   w - +0 pair of boots
Stlth   ..........              (no amulet)
HPRegen 1.09/turn               y - ring of Bulo Goi {rPois rN++ rCorr Slay+3}
MPRegen 0.13/turn               n - +2 ring of protection

@: paralysed, resistant, gold aura, hasted
A: no striking features
a: Renounce Religion, Potion Petition, Call Merchant, Bribe Branch


You were in the Dungeon.
You worshipped Gozag.
Gozag was greatly pleased with you.
You visited 1 branch You collected 9295 gold pieces.
You spent 1442 gold pieces at shops.
You paid 1610 gold pieces to Gozag.

Inventory:

Hand Weapons
 a - a +1 double sword of venom (weapon)
 C - a +2 scimitar of flaming
Armour
 b - a +0 plate armour of poison resistance (worn)
 c - the +0 buckler "Oniemu" (worn) {Regen+ Int-4 Dex+4}
   (You found it in the Dungeon)

   Int:       It affects your intelligence (-4).
   Dex:       It affects your dexterity (+4).
   Regen:     It increases your rate of health regeneration.
 v - a +0 cloak (worn)
 w - a +0 pair of boots (worn)
 x - a +2 hat
Jewellery
 m - a ring of ice
 n - a +2 ring of protection (right hand)
 y - the ring of Bulo Goi (left hand) {rPois rN++ rCorr Slay+3}
   (You bought it in a shop in the Dungeon)

   [ring of resist corrosion]

   Slay:      It affects your accuracy & damage with ranged weapons and melee
   (+3).
   rPois:     It protects you from poison.
   rN:        It greatly protects you from negative energy.
   rCorr:     It protects you from acid and corrosion.
 z - a ring of see invisible
 A - a ring of willpower
 B - a ring of fire
Scrolls
 g - 3 scrolls of blinking
 j - a scroll of fear
 k - 2 scrolls of amnesia
 l - a scroll of magic mapping
 q - 3 scrolls of fog
 r - 4 scrolls of enchant armour
 s - 2 scrolls of enchant weapon
 t - 2 scrolls of identify
 u - a scroll of silence
Potions
 d - 7 potions of heal wounds
 e - a potion of invisibility
 f - 4 potions of brilliance
 h - 4 potions of magic
 i - 3 potions of curing
 o - 2 potions of mutation
Miscellaneous
 p - a box of beasts


   Skills:
 + Level 16.8 Fighting
 + Level 17.7 Long Blades
 + Level 17.2 Armour
 + Level 2.0 Dodging
 + Level 7.0 Stealth
 + Level 12.1 Shields
 + Level 4.8 Evocations


You had 12 spell levels left.
You didn't know any spells.
Your spell library was empty.

Dungeon Overview and Level Annotations

Branches:
Dungeon (1/1)

Altars:
Cheibriados
Dithmenos
Elyvilon
Fedhas
Gozag
Hepliaklqana
Kikubaaqudgha
Makhleb
Nemelex Xobeh
Okawaru
Qazlal
Ru
Sif Muna
Trog
Uskayaw
Vehumet
Wu Jian
Xom
Yredelemnul
Zin
The Shining One
Beogh
Jiyva
Lugonu

Shops:
D =?[=


Message History

Reactivating autopickup.
You feel a bit more experienced.
The spriggan air mage waves its arms in wide circles.
The air twists around and strikes you!
A fire dragon comes into view.
The fire dragon roars deafeningly!
You hear a shout!
You now have 6243 gold pieces (gained 369).
Items here: ( )) [.
You block something's attack.
Deactivating autopickup; reactivate with Ctrl-A.
Something bites you but does no damage. The spriggan air mage hits you!
You completely miss the spriggan air mage.
The rakshasa is no longer distracted by gold.
You hear some strange, mumbled words.
You suddenly lose the ability to move!
Something hits you. Something bites you but does no damage.
The spriggan air mage hits you.
* * * LOW HITPOINT WARNING * * *
A stone giant comes into view.
Something hits you.
* * * LOW HITPOINT WARNING * * *
Something bites you but does no damage.
The rakshasa weaves an illusion.
The spriggan air mage hits you but does no damage.
The stone giant is distracted by your dazzling golden aura.
Something hits you.
* * * LOW HITPOINT WARNING * * *
Something bites you but does no damage. Something hits you!
* * * LOW HITPOINT WARNING * * *
Something completely misses you.
The spriggan air mage waves its arms in wide circles.
The air twists around and strikes you.
* * * LOW HITPOINT WARNING * * *
Something hits you but does no damage. Something bites you.
* * * LOW HITPOINT WARNING * * *
The stone giant is no longer distracted by gold.
The spriggan air mage hits you.
You die...
Your body crumbles into a pile of gold.

▓'▓.▓.▓.▓.▓.▓.▓
▓)▓.▓.▓.▓∩▓.▓C▓
▓.▓.▓.▓.▓.▓.▓.▓
▓)▓.▓.▓.▓∩▓.▓D▓
▓[▓.▓.▓.▓.▓.▓D▓
▓[▓.▓.▓.▓∩▓.▓D▓
▓.▓.▓.▓.▓.▓.▓R▓
▓)▓.▓.▓.▓.▓.▓i▓
▓.▓.▓.▓.▓.▓.▓@▓
▓.▓.▓.▓.▓.▓.▓'▓
▓'▓.▓'▓.▓(▓.▓$▓
▓_▓.▓.▓.▓'▓.▓.▓
▓_▓.▓.▓.▓)▓.▓.▓
▓_▓.▓.▓.▓.▓.▓.▓
▓_▓.▓.▓.▓.▓.▓.▓
▓_▓.▓.▓.▓.▓.▓.▓
▓_▓.▓.▓.▓.▓.▓.▓


You could see a fire dragon, 2 ice dragons, a stone giant (unaware), a rakshasa
and a spriggan air mage (repels missiles).

Vanquished Creatures
  A stone giant (D)
  A vampire knight (D)
  An ettin (D)
  A hydra (D)
  2 two-headed ogres (D)
  2 ogre magi (D)
  2 centaur warriors (D)
  2 tengu warriors (D)
  An iron troll (D)
  4 deep trolls (D)
  A lindwurm (D)
  3 orc knights (D)
  A cyclops (D)
  2 ugly things (D)
  A black mamba (D)
  A manticore (D)
  An elephant (D)
  A cane toad (D)
  An unseen horror (shapeshifter) (D)
  2 rime drakes (D)
  4 komodo dragons (D)
  4 trolls (D)
  A blink frog (D)
  A shadow (D)
  A wyvern (D)
  2 yaks (D)
  2 wargs (D)
  A hell hound (D)
  2 water moccasins (D)
  10 orc warriors (D)
  5 wolves (D)
  4 bullfrogs (D)
  A scorpion (D)
  A killer bee (D)
  A gnoll shaman (D)
  4 orc priests (D)
  5 orc wizards (D)
  An ufetubus (D)
  A worm (D)
  6 orcs (D)
  A bat (D)
  A bat zombie (D)
  A giant cockroach (D)
  A frilled lizard (D)
  A kobold (D)
  A rat (D)
94 creatures vanquished.

Vanquished Creatures (others)
  A shadow (D)
1 creature vanquished.

Grand Total: 95 creatures vanquished

Notes
Turn   | Place    | Note
-------+----------+-------------------------------------------
     0 | D        | mhtbhm the Human Fighter began the quest for the Orb.
     0 | D        | Reached XP level 1. HP: 18/18 MP: 1/1
   118 | D        | Noticed a scorpion
   118 | D        | Noticed an orc wizard
   122 | D        | Reached XP level 2. HP: 25/25 MP: 2/2
   137 | D        | Reached XP level 3. HP: 20/31 MP: 3/3
   147 | D        | Killed a scorpion
   148 | D        | Reached skill level 5 in Fighting
   148 | D        | Reached skill level 5 in Armour
   148 | D        | Reached skill level 5 in Shields
   148 | D        | Reached XP level 4. HP: 29/39 MP: 4/4
   148 | D        | Reached XP level 5. HP: 33/44 MP: 5/5
   154 | D        | Found a snail-covered altar of Cheibriados.
   154 | D        | Found a shadowy altar of Dithmenos.
   154 | D        | Found a white marble altar of Elyvilon.
   154 | D        | Found a blossoming altar of Fedhas.
   154 | D        | Found an opulent altar of Gozag.
   155 | D        | Found a hazy altar of Hepliaklqana.
   156 | D        | Found a viscous altar of Jiyva.
   157 | D        | Found an ancient bone altar of Kikubaaqudgha.
   158 | D        | Found a corrupted altar of Lugonu.
   159 | D        | Found a burning altar of Makhleb.
   160 | D        | Found a sparkling altar of Nemelex Xobeh.
   161 | D        | Found an iron altar of Okawaru.
   162 | D        | Became a worshipper of Gozag Ym Sagoz the Greedy
   163 | D        | Found a stormy altar of Qazlal.
   164 | D        | Found a sacrificial altar of Ru.
   165 | D        | Found a shimmering blue altar of Sif Muna.
   166 | D        | Found a bloodstained altar of Trog.
   167 | D        | Found a hide-covered altar of Uskayaw.
   168 | D        | Found a radiant altar of Vehumet.
   169 | D        | Found an ornate altar of the Wu Jian Council.
   170 | D        | Found a shimmering altar of Xom.
   171 | D        | Found a basalt altar of Yredelemnul.
   172 | D        | Found a glowing silver altar of Zin.
   173 | D        | Found a glowing golden altar of the Shining One.
   256 | D        | Noticed a yak
   256 | D        | Noticed a shadow
   257 | D        | Killed a shadow
   258 | D        | Reached XP level 6. HP: 53/53 MP: 6/6
   266 | D        | Killed a yak
   267 | D        | Reached XP level 7. HP: 58/62 MP: 7/7
   276 | D        | Noticed a cyclops
   276 | D        | Noticed a two-headed ogre
   276 | D        | Noticed a shadow
   276 | D        | Noticed a komodo dragon
   276 | D        | Noticed a two-headed ogre
   276 | D        | Noticed a five-headed hydra
   282 | D        | Killed a one-headed hydra
   283 | D        | Reached skill level 10 in Long Blades
   283 | D        | Reached XP level 8. HP: 65/71 MP: 8/8
   286 | D        | Killed a two-headed ogre
   287 | D        | Reached skill level 10 in Fighting
   287 | D        | Reached skill level 10 in Armour
   287 | D        | Reached XP level 9. HP: 45/79 MP: 9/9
   288 | D        | Killed a komodo dragon
   289 | D        | Reached skill level 1 in Evocations
   308 | D        | Killed a two-headed ogre
   384 | D        | Killed a cyclops
   385 | D        | Reached XP level 10. HP: 52/88 MP: 10/10
   638 | D        | Noticed a komodo dragon
   638 | D        | Noticed a komodo dragon
   638 | D        | Noticed a komodo dragon
   638 | D        | Noticed a rime drake
   646 | D        | Killed a rime drake
   651 | D        | Killed a komodo dragon
   651 | D        | Noticed an elephant
   655 | D        | Killed a komodo dragon
   899 | D        | Killed a komodo dragon
   906 | D        | Killed an elephant
   907 | D        | Reached skill level 15 in Long Blades
   907 | D        | Reached skill level 1 in Stealth
  1011 | D        | Noticed a lindwurm
  1011 | D        | Noticed a cane toad
  1011 | D        | Noticed a rime drake
  1011 | D        | Noticed a black mamba
  1017 | D        | Killed a black mamba
  1022 | D        | Killed a rime drake
  1029 | D        | Killed a cane toad
  1030 | D        | Reached XP level 11. HP: 39/97 MP: 11/11
  1317 | D        | Killed a lindwurm
  1318 | D        | Reached skill level 1 in Dodging
  1852 | D        | Noticed an orc knight
  1852 | D        | Noticed an orc knight
  1866 | D        | Killed an orc knight
  1873 | D        | Killed an orc knight
  1874 | D        | Reached skill level 10 in Shields
  1887 | D        | Noticed an orc knight
  2153 | D        | Killed an orc knight
  2599 | D        | Found Yddofit's Jewellery Boutique.
  2599 | D        | Noticed a deep troll
  2599 | D        | Noticed a deep troll
  2599 | D        | Noticed a stone giant
  2599 | D        | Noticed a deep troll
  2602 | D        | Noticed an iron troll
  2613 | D        | Killed a stone giant
  2614 | D        | Reached skill level 5 in Stealth
  2895 | D        | Killed a deep troll
  2896 | D        | Reached XP level 12. HP: 58/108 MP: 12/12
  3118 | D        | Killed a deep troll
  3119 | D        | Reached skill level 15 in Fighting
  3221 | D        | Killed an iron troll
  3222 | D        | Reached skill level 15 in Armour
  3535 | D        | Killed a deep troll
  3628 | D        | Noticed an ogre mage
  3629 | D        | Paralysed by an ogre mage for 3 turns
  3637 | D        | Killed an ogre mage
  3658 | D        | Found Nirum's Armour Shop.
  3662 | D        | Found Catotsar's Magic Scroll Boutique.
  3666 | D        | Found Gelat's Jewellery Shop.
  3668 | D        | Noticed a deep troll
  3669 | D        | Noticed an ogre mage
  3670 | D        | Noticed an ettin
  3676 | D        | Killed a deep troll
  3683 | D        | Killed an ogre mage
  3911 | D        | Killed an ettin
  4318 | D        | Bought a scroll of blinking for 105 gold pieces
  4318 | D        | Bought a scroll of blinking for 105 gold pieces
  4318 | D        | Bought a scroll of identify for 28 gold pieces
  4318 | D        | Bought a scroll of brand weapon for 280 gold pieces
  4318 | D        | Bought a scroll of magic mapping for 49 gold pieces
  4320 | D        | Bought a +2 hat for 224 gold pieces
  4322 | D        | Bought the ring of Bulo Goi {rPois rN++ rCorr Slay+3} for
                  | 651 gold pieces
  4459 | D        | Got the +0 buckler "Oniemu" {Regen+ Int-4 Dex+4}
  4493 | D        | Noticed a centaur warrior
  4493 | D        | Noticed a centaur warrior
  4493 | D        | Noticed a tengu warrior
  4495 | D        | Noticed a tengu warrior
  4504 | D        | Killed a tengu warrior
  4505 | D        | Noticed a vampire knight
  4507 | D        | Killed a centaur warrior
  4509 | D        | Noticed a spriggan air mage
  4514 | D        | Noticed a rakshasa
  4518 | D        | Killed a centaur warrior
  4519 | D        | Noticed a vampire knight
  4525 | D        | Noticed an ice dragon
  4528 | D        | Killed a tengu warrior
  4529 | D        | Reached XP level 13. HP: 50/119 MP: 13/13
  4793 | D        | Killed a vampire knight
  4794 | D        | Noticed a fire dragon
  4796 | D        | Paralysed by something for 7 turns
  4797 | D        | Noticed a stone giant
  4799 | D        | HP: 2/119 [something (4)]
  4800 | D        | Slain by a spriggan air mage

Illustrated notes

Levels and vault maps discovered:
D:        linesprint [early_d, line_temple, items_1, d_10, items_2, lair_1,
          lair_end, items_3, orc_1, orc_end, items_4, d_15, swamp_1, shoals_1,
          snake_1, spider_1, d_20, vaults_1, items_5, swamp_end, shoals_end,
          snake_end, spider_end, vaults_end, d_27, items_6, zot_1, zot_end,
          crypt_end, forest_end, elf_end, slime_end, tomb_end, abyss_end,
          pan_hell_end]

Skill      XL: |  1  2  3  4  5  6  7  8  9 10 11 12 13 |
---------------+----------------------------------------+-----
Fighting       | 4 5 6 8 9 10 11 12 14 16 | 16.8
Long Blades    | 3 4 6 7 10 11 13 15 16 17 | 17.7
Armour         | 4 5 7 8 9 10 11 12 14 16 17 | 17.2
Shields        | 4 5 6 7 8 9 10 11 12 | 12.1
Evocations     | 2 3 4 |  4.8
Stealth        | 1 5 6 7 |  7.0
Dodging        | 1 2 |  2.0

Action                   |  1- 3 |  4- 6 |  7- 9 | 10-12 | 13-15 || total
-------------------------+-------+-------+-------+-------+-------++-------
Melee: Long sword        |    28 |       |       |       |       ||    28
       Scimitar          |       |     7 |    21 |   275 |       ||   303
       Double sword      |       |       |       |    32 |    15 ||    47
Invok: Potion Petition   |       |       |       |     2 |     1 ||     3
Evoke: Wand              |       |       |     6 |     4 |       ||    10
       Box of beasts     |       |       |       |     2 |       ||     2
  Use: Potion            |     3 |     1 |     2 |     3 |       ||     9
       Scroll            |       |       |     1 |     2 |       ||     3
 Stab: Distracted        |       |       |       |     5 |       ||     5
       Invisible         |       |       |       |     5 |       ||     5
Armor: Scale mail        |    18 |       |       |       |       ||    18
       Plate armour      |       |     2 |     8 |   111 |    17 ||   138
Dodge: Dodged            |    10 |       |     3 |    67 |     1 ||    81
Block: Buckler           |     4 |       |     3 |    75 |     9 ||    91

Table legend: (Time is in decaauts)
 A = Elapsed time spent in this place.
 B = Non-inter-level travel time spent in this place.
 C = Inter-level travel time spent in this place.
 D = Time resting spent in this place.
 E = Time spent auto-exploring this place.
 F = Levels seen in this place.
 G = Mean time per level.
                   A        B        C        D        E       F      G
               +--------+--------+--------+--------+--------+-----+--------+
         Total |   4712 |   4712 |      0 |   1461 |   1709 |   1 | 4712.0 |
       Dungeon |   4712 |   4712 |      0 |   1461 |   1709 |   1 | 4712.0 |
               +--------+--------+--------+--------+--------+-----+--------+

Top non-repeatable levels by time:
       D: 4712 daAuts
